AoeStats
← Bingus The Flamingus

MegaRandom

508365999Analyzed
2v2 RM · 10d ago on Sep 22, 2026· 54m 55s· 4 players
Game mode
Random Map
Map size
Medium (4 player)
Population
200
Speed
Normal
Resources
Standard
Victory
Conquest
Starting age
Dark Age
Ending age
Imperial Age
RankedLock teamsTeams togetherTeam positionsShared explorationLock speedFull tech treeHidden civsTurbo modeCheats
Victory
Defeat
🇨🇦 Magyars · Canada
923
+14
🇮🇱 Ethiopians · Israel
916
+15
🇷🇺 Turks · Russia
901
-15
🇪🇸 Byzantines · Spain
878
-14
Pendenciero
5:41 Loom
11:07 Feudal Age
12:23 Double-Bit Axe
22:55 Castle Age
22:43 Gold Mining
22:46 Stone Mining
29:47 Pikeman
34:00 Redemption
39:58 Imperial Age
41:06 Wheelbarrow
48:51 Hand Cart
49:35 Elite Skirmisher
50:17 Padded Archer Armor
50:08 Fletching
50:31 Forging
50:22 Scale Mail Armor
53:06 Leather Archer Armor
52:47 Bodkin Arrow
BoNuS
0:43 Loom
10:52 Feudal Age
11:17 Double-Bit Axe
11:24 Horse Collar
11:38 Town Watch
18:50 Wheelbarrow
24:31 Castle Age
25:36 Fletching
25:51 Heavy Plow
30:21 Town Patrol
34:11 Padded Archer Armor
34:45 Scale Mail Armor
35:02 Gold Mining
39:33 Bodkin Arrow
39:54 Leather Archer Armor
43:01 Imperial Age
47:21 Ring Archer Armor
46:52 Bracer
47:16 Stone Mining
50:11 Forging
Chimpanzee
9:58 Loom
12:30 Feudal Age
14:58 Fletching
15:09 Padded Archer Armor
23:05 Castle Age
21:26 Double-Bit Axe
23:19 Crossbowman
24:05 Thumb Ring
23:57 Bodkin Arrow
27:04 Ballistics
32:29 Leather Archer Armor
36:10 Husbandry
36:18 Scale Barding Armor
42:03 Imperial Age
43:14 Wheelbarrow
42:20 Arbalester
43:39 Bracer
51:16 Chemistry
50:23 Siege Engineers
50:51 Ring Archer Armor
Bingus The Flamingus
11:14 Feudal Age
12:24 Loom
19:45 Castle Age
18:18 Double-Bit Axe
22:14 Bow Saw
22:21 Horse Collar
31:36 Bloodlines
31:35 Scale Barding Armor
38:41 Fletching
38:52 Padded Archer Armor
40:26 Wheelbarrow
43:39 Gold Mining
44:51 Heavy Plow
48:20 Imperial Age
46:07 Hand Cart
47:22 Corvinian Army
48:53 Stone Mining
49:27 Elite Magyar Huszar
51:09 Conscription
52:49 Parthian Tactics
Connection lost

Rejoining the realm…

Still unreachable

The connection could not be restored.

Session expired

The server has moved on; the page needs a fresh start.